Map: Romanticide LE

Players

Pumba - Winner!

  • Race: Zerg Zerg
  • League: Master
  • Spawn Location: 11:00

IIIIIIIIIIII

  • Race: Zerg Zerg
  • League: Master
  • Spawn Location: 5:00

VOD

Have the link to the VOD?

Description

Time

  • Played on: Sept. 14, 2021, 9:57 p.m.
  • Length: 15:18
Show
View Real Time Build Order
Export as new Build Order

Pumba Zerg - Winner!

Build Orders: Hatch First 

Get SALT Encoding   

  12  0:00  Drone  
  13  0:12  Overlord  
  13  0:17  Drone  
  14  0:30  Drone x2  
  14  0:34  Drone  
  17  0:52  Hatchery  
  17  0:54  Drone  
  17  1:00  Drone  
  18  1:08  Extractor  
  17  1:13  Spawning Pool  
  17  1:16  Drone  
  17  1:20  Drone  
  18  1:27  Drone  
  19  1:39  Drone  
  20  1:52  Overlord  
  20  2:01  Queen  
  20  2:04  Queen  
  20  2:05  Zergling x4  
  26  2:09  Metabolic Boost  
  26  2:12  Drone  
  26  2:14  Drone  
  28  2:21  Drone  
  29  2:32  Drone x2  
  29  2:36  Hatchery  
  30  2:41  Drone  
  31  2:47  Drone  
  31  2:51  Baneling Nest  
  31  2:58  Zergling x2  
  31  3:01  Drone, Overlord  
  33  3:05  Drone  
  33  3:15  Drone  
  33  3:17  Drone  
  35  3:27  Drone  
  35  3:33  Drone  
  37  3:36  Drone x3  
  37  3:37  Overlord  
  37  3:39  Baneling x2  
  40  3:46  Drone x2  
  42  3:54  Overlord  
  42  3:56  Zergling x6  
  42  3:57  Drone x2  
  47  4:04  Drone  
  47  4:08  Drone, Evolution Chamber  
  47  4:09  Lair, Extractor  
  46  4:11  Queen  
  46  4:13  Drone x3  
  51  4:24  Drone x3, Extractor  
  51  4:26  Drone  
  51  4:28  Drone  
  51  4:30  Drone  
  56  4:31  Drone  
  56  4:33  Drone  
  56  4:35  Zerg Missile Weapons Level 1  
  58  4:39  Roach Warren  
  58  4:43  Zergling x10  
  60  4:53  Zergling x6  
  60  5:02  Baneling x2  
  59  5:10  Baneling  
  57  5:19  Drone x6  
  58  5:24  Glial Reconstitution  
  58  5:29  Queen, Hatchery  
  59  5:41  Extractor  
  58  5:44  Infestation Pit, Queen  
  58  5:47  Overlord  
  58  5:48  Overlord x2  
  59  5:53  Spine Crawler  
  58  5:59  Evolution Chamber  
  57  6:07  Zergling x10  
  57  6:10  Zergling x4  
  61  6:20  Roach x2  
  61  6:22  Pathogen Glands  
  64  6:25  Baneling x2  
  64  6:26  Baneling x2  
  64  6:27  Baneling  
  64  6:29  Baneling  
  64  6:49  Baneling x6  
  64  6:56  Hatchery  
  64  6:57  Drone  
  64  6:58  Zerg Missile Weapons Level 2  
  64  7:01  Infestor  
  64  7:02  Infestor, Evolution Chamber  
  64  7:04  Drone x7  
  64  7:06  Overseer  
  70  7:30  Drone  
  70  7:31  Drone x5  
  76  7:49  Infestor  
  76  7:57  Roach  
  76  7:58  Roach x3  
  81  7:59  Extractor  
  81  8:05  Infestor x2  
  81  8:06  Extractor  
  81  8:07  Drone x2  
  81  8:08  Drone x3  
  87  8:14  Spine Crawler  
  87  8:15  Roach  
  88  8:21  Zerg Ground Armor Level 1  
  88  8:24  Roach  
  88  8:26  Overlord x2  
  90  8:32  Hatchery, Overlord x2  
  89  8:41  Hatchery, Spine Crawler x2  
  87  8:45  Drone x6  
  87  8:46  Roach x5  
  102  8:54  Drone  
  103  8:57  Roach x2  
  103  9:02  Roach x3  
  113  9:08  Roach x2  
  117  9:13  Roach x2  
  117  9:14  Overlord x5  
  119  9:25  Roach x2  
  119  9:30  Overseer  
  105  9:33  Roach x5  
  109  9:47  Extractor  
  109  9:49  Hatchery  
  109  9:51  Roach x10  
  109  9:52  Extractor  
  126  9:53  Drone  
  126  9:59  Drone  
  129  10:00  Drone x3  
  129  10:04  Roach x2  
  132  10:08  Roach x2  
  132  10:12  Roach  
  139  10:17  Roach x2  
  143  10:29  Roach x10  
  143  10:30  Roach  
  159  10:39  Roach x5  
  157  10:48  Roach x3  
  139  10:54  Roach  
  139  10:55  Roach x2  
  122  10:59  Roach  
  113  11:07  Queen  
  113  11:09  Roach x4  
  123  11:13  Roach  
  123  11:17  Hatchery  
  124  11:23  Ravager x4  
  124  11:24  Roach x4  
  124  11:25  Ravager  
  137  11:26  Infestor  
  137  11:30  Hydralisk Den  
  138  11:33  Infestation Pit  
  138  11:35  Roach x3  
  138  11:39  Roach x3  
  149  11:49  Roach x5  
  159  11:56  Roach x2, Ravager  
  162  12:02  Zerg Ground Armor Level 2  
  160  12:13  Roach x4  
  141  12:21  Roach x3  
  123  12:32  Hatchery  
  123  12:33  Roach  
  124  12:43  Roach x4  
  132  12:44  Ravager x2  
  132  12:48  Overseer  
  134  12:55  Roach x3  
  134  12:58  Roach  
  142  13:10  Roach x3  
  142  13:11  Roach x2  
  152  13:14  Overlord  
  152  13:18  Roach x2  
  154  13:38  Roach x8  
  170  13:46  Roach x3  
  176  13:51  Hive  
  176  13:53  Overseer  
  176  14:11  Roach x3  
  182  14:21  Roach  
  182  14:26  Overlord x2  
  182  14:29  Extractor x2  
  180  14:37  Hatchery, Roach  
  179  14:47  Drone  
  164  15:03  Spine Crawler  
  164  15:05  Spine Crawler  
Show
View Real Time Build Order
Export as new Build Order

IIIIIIIIIIII Zerg 

Build Orders: Hatch First 

Get SALT Encoding   

  12  0:00  Drone  
  13  0:12  Overlord  
  13  0:16  Drone  
  14  0:30  Drone x2  
  16  0:47  Hatchery  
  15  0:50  Drone  
  15  0:54  Drone  
  17  0:57  Drone  
  18  1:09  Extractor  
  17  1:13  Spawning Pool  
  17  1:15  Drone  
  18  1:18  Drone  
  18  1:27  Drone  
  19  1:38  Drone  
  20  1:52  Overlord  
  20  1:59  Queen x2  
  24  2:01  Drone  
  24  2:02  Zergling x2  
  26  2:11  Drone x2  
  26  2:12  Metabolic Boost  
  28  2:21  Drone x2  
  30  2:32  Drone x2  
  32  2:38  Queen  
  34  2:45  Hatchery  
  34  2:49  Overlord  
  33  2:54  Zergling x4  
  35  3:04  Baneling Nest  
  35  3:05  Drone x2  
  36  3:10  Hatchery  
  36  3:18  Drone x5  
  41  3:28  Drone x3  
  44  3:39  Overlord  
  44  3:40  Overlord  
  44  3:49  Overlord  
  44  3:54  Extractor  
  44  3:55  Drone  
  44  4:02  Zergling x10  
  49  4:15  Baneling x2  
  49  4:24  Zergling x18  
  49  4:25  Evolution Chamber  
  57  4:38  Baneling x4  
  55  4:50  Zergling x18  
  63  5:03  Zergling x10  
  65  5:07  Drone x2, Overlord  
  66  5:16  Zergling x8  
  64  5:23  Drone x4  
  64  5:25  Zerg Missile Weapons Level 1  
  64  5:26  Roach Warren  
  67  5:29  Baneling x2  
  67  5:30  Baneling x3  
  67  5:35  Extractor  
  66  5:38  Drone x4  
  70  5:45  Overlord  
  70  5:48  Lair  
  70  5:50  Zergling x6  
  64  6:13  Drone x3  
  64  6:14  Drone x6  
  67  6:30  Drone x10  
  73  6:42  Overlord  
  73  6:43  Drone x3  
  73  6:47  Queen  
  74  6:50  Drone  
  74  6:51  Overlord  
  74  6:52  Glial Reconstitution  
  74  6:53  Roach x6  
  89  7:02  Extractor x2  
  87  7:11  Overseer  
  79  7:20  Drone  
  79  7:21  Drone x10  
  82  7:39  Drone x2, Roach x7  
  98  7:48  Overlord x4  
  98  7:49  Zerg Missile Weapons Level 2  
  93  8:08  Roach x9  
  111  8:14  Extractor  
  110  8:26  Roach x9  
  128  8:29  Overlord  
  128  8:34  Hatchery  
  128  8:37  Overlord x3  
  128  8:38  Overlord  
  127  8:47  Roach  
  127  8:48  Roach x4  
  137  8:55  Overlord x3  
  137  8:58  Roach x3  
  143  9:06  Roach x2  
  143  9:09  Roach  
  151  9:10  Roach  
  151  9:12  Roach  
  153  9:20  Roach x8  
  153  9:21  Roach  
  143  9:32  Roach x3  
  131  9:40  Roach x3  
  137  9:46  Ravager  
  137  9:47  Ravager x2  
  137  9:48  Ravager x2  
  137  9:51  Ravager  
  137  9:52  Roach x8  
  159  9:57  Roach  
  163  10:00  Roach x2  
  163  10:04  Infestation Pit  
  163  10:05  Zerg Ground Armor Level 1  
  164  10:10  Roach x7  
  178  10:18  Extractor  
  178  10:19  Roach x5  
  187  10:23  Ravager  
  180  10:37  Roach x8  
  180  10:41  Roach x2  
  176  10:46  Roach  
  176  10:47  Roach x2  
  162  10:53  Roach x4  
  162  10:56  Roach  
  139  11:02  Roach x3  
  127  11:14  Roach x6  
  127  11:17  Drone x2  
  141  11:20  Drone x2  
  141  11:21  Drone  
  141  11:22  Ravager  
  141  11:24  Ravager  
  146  11:27  Ravager  
  146  11:28  Ravager  
  148  11:38  Roach x7  
  162  11:46  Ravager  
  163  11:50  Roach  
  163  11:51  Roach x5  
  172  12:03  Roach x4  
  172  12:04  Roach x3  
  182  12:15  Roach x6  
  112  12:34  Roach x8  
  118  12:56  Drone x6  
  118  12:57  Roach x4, Extractor  
  131  13:02  Hive  
  131  13:03  Hydralisk Den  
  130  13:07  Roach x2  
  134  13:21  Ravager  
  134  13:25  Roach x9  
  127  13:48  Roach x12, Lurker Den  
  138  13:59  Roach x6  
  139  14:11  Ravager  
  139  14:13  Ravager  
  139  14:14  Roach  
  139  14:15  Roach x7  
  157  14:25  Roach  
  157  14:26  Roach x4  
  162  14:38  Drone x4  
  163  14:39  Roach x3  
  163  14:43  Roach x2  
  167  14:55  Roach x5  
  167  14:56  Roach  
Tags
 
Add a new tag
Caveats
  • Supply blocks, unpowered buildings, or Contaminate may cause inaccurate times.
  • Supply counts are checked every 10 seconds.